General information
- name: BNet
- type: Ladder team game (AT/RT)
- host: Battle.net
- saver: Tenhi
map: Cherryville
- players: 8
- length: 46:57
- speed: Fast
- version: 1.26 W3XP
- replay type: Public
» download(323 KB)
Players
team 1 (winner)

»
RENELANDER (
blue | 30 APM | 1387 actions | 46:56)
5 Blademaster
3 Critical Strike
1 Wind Walk
1 Mirror Image
5 Shadow Hunter
1 Hex
3 Healing Wave
1 Serpent Ward
» actions
| Basic commands | 14 | |
| Build / train | 54 | |
| ESC pressed | 1 | |
| Enter build submenu | 22 | |
| Enter hero's abilities submenu | 10 | |
| Right click | 893 | |
| Select / deselect | 298 | |
| Use ability | 95 | |
1387 total
» units
| Peon | 15 | |
| Wind Rider | 8 | |
| Troll Batrider | 6 | |
29 total
» upgrades
| Armor | 2 | |
| Ranged Weapons | 2 | |
| Reinforced Defenses | 1 | |
| Liquid Fire | 1 | |
6 total
» buildings
| Altar of Storms | 1 | |
| Orc Burrow | 7 | |
| Voodoo Lounge | 1 | |
| Stronghold | 1 | |
| War Mill | 1 | |
| Beastiary | 2 | |
| Great Hall | 3 | |
| Fortress | 1 | |
| Watch Tower | 5 | |
22 total
» build order
00:07 Altar of Storms
00:18 Orc Burrow
01:06 Voodoo Lounge
01:15 Orc Burrow
02:34 Stronghold
02:42 War Mill
05:00 Beastiary
05:06 Beastiary
05:10 Orc Burrow
06:18 Orc Burrow
08:02 Orc Burrow
08:32 Orc Burrow
11:13 Great Hall
19:39 Fortress
25:52 Orc Burrow
30:53 Great Hall
30:57 Watch Tower
30:59 Watch Tower
31:01 Watch Tower
31:03 Watch Tower
31:07 Watch Tower
34:28 Great Hall
» items
| Healing Salve | 2 | |
| Scroll of Town Portal | 2 | |
| Orb of Venom | 1 | |
5 total

»
florida_state (
green | 35 APM | 1583 actions | 45:04)
9 Death Knight
3 Death Coil
3 Unholy Aura
1 Animate Dead
2 Death Pact
» actions
| Assign group hotkey | 20 | |
| Build / train | 60 | |
| Enter build submenu | 19 | |
| Enter hero's abilities submenu | 9 | |
| Remove unit from queue | 1 | |
| Right click | 1079 | |
| Select / deselect | 328 | |
| Select group hotkey | 8 | |
| Use ability | 59 | |
1583 total
» units
| Acolyte | 4 | |
| Ghoul | 3 | |
| Crypt Fiend | 16 | |
| Frost Wyrm | 6 | |
29 total
» upgrades
| Creature Attack | 3 | |
| Creature Carapace | 3 | |
| Web | 1 | |
| Freezing Breath | 1 | |
8 total
» buildings
| Crypt | 1 | |
| Altar of Darkness | 1 | |
| Graveyard | 1 | |
| Ziggurat | 7 | |
| Tomb of Relics | 1 | |
| Halls of the Dead | 1 | |
| Spirit Tower | 1 | |
| Black Citadel | 1 | |
| Sacrificial Pit | 1 | |
| Boneyard | 3 | |
18 total
» build order
00:36 Crypt
00:38 Altar of Darkness
00:44 Graveyard
00:56 Ziggurat
01:28 Ziggurat
02:20 Tomb of Relics
02:59 Ziggurat
04:44 Halls of the Dead
06:24 Ziggurat
07:17 Spirit Tower
07:18 Black Citadel
08:45 Sacrificial Pit
10:55 Boneyard
10:57 Boneyard
11:09 Boneyard
11:12 Ziggurat
17:05 Ziggurat
17:06 Ziggurat
» items
| Potion of Healing | 6 | |
| Potion of Mana | 1 | |
| Scroll of Town Portal | 1 | |
8 total
cabelo.jogadim (
purple | 79 APM | 3287 actions | 41:28)
6 Keeper of the Grove
3 Entangling Roots
2 Thorns Aura
1 Tranquility
5 Priestess of the Moon
3 Trueshot Aura
2 Searing Arrows
» actions
| Assign group hotkey | 111 | |
| Basic commands | 59 | |
| Build / train | 104 | |
| ESC pressed | 1 | |
| Enter build submenu | 26 | |
| Enter hero's abilities submenu | 11 | |
| Give item / drop item | 4 | |
| Right click | 1120 | |
| Select / deselect | 555 | |
| Select group hotkey | 1184 | |
| Use ability | 112 | |
3287 total
» units
| Wisp | 30 | |
| Archer | 12 | |
| Huntress | 3 | |
| Hippogryph | 19 | |
| Druid of the Claw | 10 | |
74 total
» upgrades
| Strength of the Wild | 3 | |
| Hippogryph Taming | 1 | |
| Druid of the Claw Training | 2 | |
| Mark of the Claw | 1 | |
7 total
» buildings
| Altar of Elders | 1 | |
| Moon Well | 7 | |
| Ancient of War | 2 | |
| Ancient of Wonders | 1 | |
| Tree of Life | 4 | |
| Hunter's Hall | 1 | |
| Tree of Ages | 1 | |
| Ancient Protector | 2 | |
| Ancient of Wind | 2 | |
| Ancient of Lore | 2 | |
| Tree of Eternity | 1 | |
24 total
» build order
00:07 Altar of Elders
00:11 Moon Well
00:35 Ancient of War
01:24 Moon Well
01:45 Ancient of Wonders
03:48 Moon Well
04:27 Moon Well
05:16 Tree of Life
05:23 Hunter's Hall
05:32 Moon Well
06:46 Tree of Ages
06:54 Ancient Protector
07:19 Ancient Protector
08:43 Tree of Life
09:17 Ancient of Wind
09:20 Ancient of Wind
13:42 Ancient of Lore
15:56 Ancient of Lore
16:47 Moon Well
18:44 Tree of Eternity
21:19 Moon Well
23:27 Tree of Life
34:20 Ancient of War
34:58 Tree of Life
» items
| Dust of Appearance | 1 | |
| Lesser Clarity Potion | 1 | |
| Scroll of Town Portal | 4 | |
| Potion of Healing | 1 | |
| Potion of Mana | 1 | |
8 total
Tenhi (
orange | 79 APM | 3703 actions | 46:57)
9 Archmage
3 Summon Water Elemental
3 Brilliance Aura
2 Blizzard
1 Mass Teleport
» actions
| Assign group hotkey | 140 | |
| Basic commands | 366 | |
| Build / train | 229 | |
| ESC pressed | 11 | |
| Enter build submenu | 48 | |
| Enter hero's abilities submenu | 10 | |
| Give item / drop item | 7 | |
| Remove unit from queue | 1 | |
| Right click | 1126 | |
| Select / deselect | 401 | |
| Select group hotkey | 1008 | |
| Use ability | 356 | |
3703 total
» units
| Peasant | 18 | |
| Footman | 5 | |
| Goblin Shredder | 7 | |
| Dragonhawk Rider | 11 | |
| Gryphon Rider | 5 | |
| Sorceress | 2 | |
| Goblin Sapper | 12 | |
| Goblin Zeppelin | 1 | |
| Kobold Geomancer | 3 | |
| Assassin | 1 | |
| Murloc Huntsman | 1 | |
| Kobold | 2 | |
68 total
» upgrades
| Masonry | 3 | |
| Lumber Harvesting | 1 | |
| Swords | 3 | |
| Armor | 3 | |
| Animal War Training | 1 | |
| Cloud | 1 | |
| Storm Hammers | 1 | |
| Sorceress Training | 2 | |
| Magic Sentry | 1 | |
16 total
» buildings
| Altar of Kings | 1 | |
| Barracks | 1 | |
| Farm | 6 | |
| Arcane Vault | 1 | |
| Lumber Mill | 1 | |
| Town Hall | 2 | |
| Keep | 3 | |
| Scout Tower | 34 | |
| Guard Tower | 61 | |
| Blacksmith | 1 | |
| Castle | 4 | |
| Gryphon Aviary | 2 | |
| Arcane Sanctum | 1 | |
118 total
» build order
01:06 Altar of Kings
01:07 Barracks
01:08 Farm
01:09 Farm
01:10 Farm
01:23 Farm
01:59 Arcane Vault
02:15 Lumber Mill
03:04 Farm
04:12 Town Hall
04:59 Keep
04:59 Keep
05:23 Scout Tower
05:23 Scout Tower
05:24 Scout Tower
05:25 Scout Tower
05:54 Scout Tower
05:56 Scout Tower
05:56 Scout Tower
06:03 Guard Tower
06:03 Guard Tower
06:03 Guard Tower
06:03 Guard Tower
06:07 Guard Tower
06:08 Guard Tower
06:14 Guard Tower
06:43 Guard Tower
07:10 Scout Tower
07:12 Scout Tower
07:19 Blacksmith
07:42 Guard Tower
07:52 Scout Tower
07:53 Scout Tower
08:14 Castle
08:14 Castle
08:19 Gryphon Aviary
08:20 Gryphon Aviary
08:42 Guard Tower
08:43 Guard Tower
08:47 Guard Tower
08:47 Guard Tower
08:47 Guard Tower
08:53 Scout Tower
08:55 Scout Tower
09:55 Farm
12:57 Arcane Sanctum
15:28 Scout Tower
15:29 Scout Tower
15:58 Guard Tower
15:59 Guard Tower
15:59 Guard Tower
16:00 Guard Tower
16:00 Guard Tower
16:01 Guard Tower
17:02 Scout Tower
17:03 Scout Tower
17:38 Guard Tower
17:39 Guard Tower
21:27 Town Hall
21:28 Scout Tower
21:29 Scout Tower
21:30 Scout Tower
21:31 Scout Tower
21:59 Guard Tower
21:59 Guard Tower
21:59 Guard Tower
22:00 Scout Tower
22:02 Scout Tower
22:09 Guard Tower
22:09 Guard Tower
22:11 Scout Tower
22:13 Scout Tower
22:14 Scout Tower
22:15 Scout Tower
22:19 Scout Tower
22:30 Guard Tower
22:46 Guard Tower
22:47 Guard Tower
23:06 Guard Tower
23:07 Guard Tower
23:07 Guard Tower
23:21 Guard Tower
25:35 Guard Tower
25:52 Guard Tower
25:52 Guard Tower
25:52 Guard Tower
40:51 Scout Tower
40:52 Scout Tower
40:53 Scout Tower
40:54 Scout Tower
40:55 Scout Tower
40:56 Scout Tower
41:23 Guard Tower
41:23 Guard Tower
41:58 Guard Tower
41:58 Guard Tower
» items
| Scroll of Regeneration | 13 | |
| Mechanical Critter | 6 | |
| Tome of Retraining | 1 | |
| Boots of Speed | 1 | |
| Staff of Teleportation | 1 | |
| Scroll of Protection | 1 | |
| Potion of Invisibility | 3 | |
| Potion of Healing | 6 | |
| Lesser Clarity Potion | 3 | |
| Scroll of Town Portal | 3 | |
| Tiny Great Hall | 1 | |
| Orb of Lightning | 1 | |
40 total
team 2 (loser)
cris-tiano (
teal | 87 APM | 3186 actions | 36:40)
7 Blademaster
3 Wind Walk
3 Critical Strike
1 Bladestorm
1 Paladin
1 Holy Light
1 Archmage
1 Mass Teleport
» actions
| Assign group hotkey | 48 | |
| Basic commands | 10 | |
| Build / train | 66 | |
| ESC pressed | 2 | |
| Enter build submenu | 24 | |
| Enter hero's abilities submenu | 9 | |
| Give item / drop item | 6 | |
| Remove unit from queue | 4 | |
| Right click | 981 | |
| Select / deselect | 249 | |
| Select group hotkey | 1666 | |
| Use ability | 121 | |
3186 total
» units
| Peon | 8 | |
| Wind Rider | 11 | |
| Troll Batrider | 5 | |
| Shaman | 2 | |
| Peasant | 3 | |
29 total
» upgrades
| Ranged Weapons | 2 | |
| Envenomed Spears | 1 | |
| Armor | 1 | |
| Shaman Training | 2 | |
| Reinforced Defenses | 1 | |
7 total
» buildings
| Altar of Storms | 1 | |
| Orc Burrow | 5 | |
| Voodoo Lounge | 1 | |
| Stronghold | 1 | |
| War Mill | 1 | |
| Fortress | 1 | |
| Beastiary | 2 | |
| Spirit Lodge | 1 | |
| Great Hall | 4 | |
| Watch Tower | 5 | |
| Town Hall | 1 | |
23 total
» build order
00:20 Altar of Storms
00:30 Orc Burrow
00:45 Voodoo Lounge
02:20 Stronghold
02:46 Orc Burrow
04:18 War Mill
05:00 Fortress
05:12 Beastiary
05:14 Beastiary
05:18 Orc Burrow
05:37 Orc Burrow
10:54 Spirit Lodge
16:36 Orc Burrow
17:01 Great Hall
17:14 Watch Tower
17:20 Watch Tower
19:21 Watch Tower
21:32 Great Hall
23:11 Great Hall
26:07 Great Hall
26:11 Watch Tower
27:33 Watch Tower
30:57 Town Hall
» items
| Lesser Clarity Potion | 7 | |
| Healing Salve | 3 | |
| Boots of Speed | 1 | |
| Potion of Healing | 2 | |
| Scroll of Town Portal | 1 | |
| Orb of Lightning | 1 | |
| Staff of Teleportation | 1 | |
16 total
fours (
yellow | 178 APM | 5110 actions | 28:43)
5 Archmage
3 Summon Water Elemental
2 Brilliance Aura
2 Paladin
1 Holy Light
1 Divine Shield
» actions
| Assign group hotkey | 39 | |
| Basic commands | 273 | |
| Build / train | 138 | |
| ESC pressed | 4 | |
| Enter build submenu | 19 | |
| Enter hero's abilities submenu | 7 | |
| Give item / drop item | 1 | |
| Right click | 1972 | |
| Select / deselect | 773 | |
| Select group hotkey | 1770 | |
| Use ability | 114 | |
5110 total
» units
| Peasant | 65 | |
| Footman | 21 | |
| Kobold | 1 | |
| Murloc Huntsman | 1 | |
| Assassin | 1 | |
| Gryphon Rider | 3 | |
| Knight | 3 | |
95 total
» upgrades
| Masonry | 1 | |
| Defend | 1 | |
| Swords | 2 | |
| Lumber Harvesting | 1 | |
| Animal War Training | 1 | |
| Armor | 1 | |
| Storm Hammers | 1 | |
8 total
» buildings
| Altar of Kings | 1 | |
| Barracks | 1 | |
| Farm | 7 | |
| Town Hall | 1 | |
| Keep | 4 | |
| Arcane Vault | 1 | |
| Lumber Mill | 1 | |
| Blacksmith | 1 | |
| Castle | 4 | |
| Gryphon Aviary | 2 | |
| Scout Tower | 2 | |
25 total
» build order
00:11 Altar of Kings
00:21 Barracks
00:36 Farm
01:08 Farm
01:37 Farm
02:41 Farm
03:40 Town Hall
04:49 Keep
04:49 Keep
04:49 Keep
04:50 Keep
04:59 Arcane Vault
05:09 Lumber Mill
05:47 Blacksmith
06:25 Farm
07:28 Farm
08:13 Castle
08:13 Castle
08:13 Castle
08:35 Farm
09:42 Gryphon Aviary
09:44 Gryphon Aviary
19:24 Scout Tower
22:45 Scout Tower
» items
| Scroll of Regeneration | 1 | |
| Potion of Lesser Invulnerability | 1 | |
| Scroll of Town Portal | 1 | |
| Potion of Healing | 2 | |
5 total

»
mattybatty (
pink | 71 APM | 2063 actions | 29:01)
4 Priestess of the Moon
2 Scout
2 Trueshot Aura
» actions
| Assign group hotkey | 26 | |
| Basic commands | 39 | |
| Build / train | 141 | |
| Enter build submenu | 27 | |
| Enter hero's abilities submenu | 4 | |
| Remove unit from queue | 3 | |
| Right click | 754 | |
| Select / deselect | 381 | |
| Select group hotkey | 582 | |
| Use ability | 106 | |
2063 total
» units
| Wisp | 24 | |
| Huntress | 40 | |
| Hippogryph | 40 | |
104 total
» upgrades
| Ultravision | 1 | |
| Strength of the Wild | 1 | |
| Sentinel | 1 | |
| Reinforced Hides | 1 | |
4 total
» buildings
| Moon Well | 6 | |
| Altar of Elders | 1 | |
| Hunter's Hall | 1 | |
| Ancient of War | 2 | |
| Tree of Ages | 1 | |
| Ancient of Wind | 7 | |
| Ancient Protector | 2 | |
| Tree of Life | 1 | |
21 total
» build order
00:11 Moon Well
00:16 Altar of Elders
01:06 Moon Well
02:01 Hunter's Hall
02:15 Ancient of War
02:18 Ancient of War
03:06 Moon Well
04:05 Tree of Ages
04:25 Moon Well
05:23 Moon Well
06:49 Ancient of Wind
07:27 Ancient of Wind
08:10 Ancient of Wind
09:17 Ancient of Wind
12:47 Ancient of Wind
13:31 Ancient of Wind
14:52 Ancient Protector
15:39 Moon Well
23:21 Ancient of Wind
24:18 Tree of Life
24:31 Ancient Protector
» items
| Potion of Lesser Invulnerability | 12 | |
| Scroll of Town Portal | 2 | |
14 total

»
NED-STARKS-HEAD (
red | 63 APM | 2958 actions | 46:56)
10 Death Knight
3 Death Coil
3 Unholy Aura
1 Animate Dead
3 Death Pact
» actions
| Assign group hotkey | 63 | |
| Basic commands | 6 | |
| Build / train | 90 | |
| Enter build submenu | 28 | |
| Enter hero's abilities submenu | 10 | |
| Give item / drop item | 6 | |
| Right click | 1338 | |
| Select / deselect | 333 | |
| Select group hotkey | 955 | |
| Use ability | 129 | |
2958 total
» units
| Acolyte | 16 | |
| Ghoul | 3 | |
| Crypt Fiend | 3 | |
| Goblin Shredder | 1 | |
| Gargoyle | 15 | |
| Frost Wyrm | 6 | |
44 total
» upgrades
| Creature Attack | 2 | |
| Creature Carapace | 2 | |
| Stone Form | 1 | |
| Freezing Breath | 1 | |
6 total
» buildings
| Graveyard | 1 | |
| Crypt | 4 | |
| Altar of Darkness | 1 | |
| Ziggurat | 25 | |
| Tomb of Relics | 1 | |
| Nerubian Tower | 1 | |
| Necropolis | 3 | |
| Halls of the Dead | 2 | |
| Spirit Tower | 10 | |
| Black Citadel | 1 | |
| Sacrificial Pit | 1 | |
| Boneyard | 2 | |
52 total
» build order
00:08 Graveyard
00:11 Crypt
00:42 Altar of Darkness
01:01 Ziggurat
01:39 Tomb of Relics
02:01 Ziggurat
02:12 Nerubian Tower
03:42 Ziggurat
04:45 Necropolis
05:30 Halls of the Dead
06:10 Crypt
06:13 Crypt
06:19 Ziggurat
06:20 Ziggurat
06:22 Ziggurat
06:38 Ziggurat
06:40 Ziggurat
07:17 Spirit Tower
07:19 Spirit Tower
07:37 Spirit Tower
08:48 Ziggurat
08:50 Ziggurat
08:51 Ziggurat
09:32 Ziggurat
09:33 Ziggurat
10:42 Spirit Tower
10:48 Spirit Tower
10:49 Spirit Tower
12:51 Black Citadel
13:01 Necropolis
15:08 Ziggurat
15:08 Ziggurat
15:09 Ziggurat
15:09 Ziggurat
15:42 Sacrificial Pit
15:44 Crypt
16:30 Spirit Tower
18:10 Boneyard
18:10 Boneyard
18:51 Ziggurat
18:52 Ziggurat
18:53 Ziggurat
18:55 Ziggurat
20:14 Spirit Tower
20:17 Ziggurat
20:17 Ziggurat
20:18 Ziggurat
20:18 Ziggurat
22:26 Spirit Tower
24:43 Necropolis
» items
| Rod of Necromancy | 1 | |
| Scroll of Town Portal | 5 | |
| Staff of Teleportation | 1 | |
| Scroll of Healing | 3 | |
| Potion of Lesser Invulnerability | 2 | |
| Dust of Appearance | 1 | |
13 total
Chat log
(00:06 / Allies) florida_state: hi
(00:09 / Allies) RENELANDER: hi
(00:19 / Allies) cabelo.jogadim: hi
(00:22 / Allies) florida_state: fiends to frosts
(00:27 / Allies) Tenhi: Ave, mi amices
(00:43 / Allies) RENELANDER: ola oj
(00:50 / Allies) Tenhi: lingua latinae, plebeiae
(00:56 / All) NED-STARKS-HEAD: king geoffry is the greatest king ever, not stark or stennis
(01:04 / All) florida_state: lol
(03:28 / Allies) florida_state: omw
(03:48 / Allies) RENELANDER: can ihelp?
(03:51 / Allies) Tenhi: no
(03:57 / Allies) RENELANDER: wtf
(03:58 / Allies) Tenhi: ty
(04:06 / Allies) Tenhi: I could be level 2 by now if not for you, you gigantic fucking faggot
(04:31 / Allies) Tenhi: I'm not helping you creep, creep by yourself you cockgargling hellspawn of ladder
(04:49 / Allies) cabelo.jogadim: ty!
(04:52 / Allies) cabelo.jogadim: almost
(05:31 / Allies) RENELANDER: wyvs
(05:57 / Allies) RENELANDER: get
(06:35 / Allies) florida_state: yes
(06:50 / Allies) florida_state: tp or what?
(07:47 / Allies) cabelo.jogadim: pressuring
(07:51 / Allies) florida_state: good
(08:02 / Allies) cabelo.jogadim: tped
(08:53 / Allies) cabelo.jogadim: someone pressure plz
(08:58 / Allies) Tenhi: I am
(09:03 / Allies) cabelo.jogadim: nice
(09:04 / Allies) florida_state: omw now
(09:40 / All) Tenhi: does yellow even have units lawl
(09:43 / All) Tenhi: look at this bitch
(09:46 / All) Tenhi: he's my bitch
(09:56 / Allies) cabelo.jogadim: tp all
(09:58 / Allies) cabelo.jogadim: tp!!!
(10:18 / Allies) cabelo.jogadim: leave it hit!!!
(10:34 / Allies) cabelo.jogadim: ty!!!!
(10:38 / All) Tenhi: focus the am with an invis potion lol
(10:38 / Allies) cabelo.jogadim: counter!
(10:58 / Allies) cabelo.jogadim: ????
(11:06 / Allies) cabelo.jogadim: counter
(11:46 / All) Tenhi: Wow yellow sucks ass
(12:05 / All) Tenhi: he doesnt even move peasants LOL
(12:34 / Allies) RENELANDER: b
(12:35 / Allies) RENELANDER: b
(13:13 / Allies) cabelo.jogadim: green stay here
(13:16 / Allies) florida_state: gonna need you oj
(13:44 / Allies) cabelo.jogadim: wood plz
(14:09 / All) NED-STARKS-HEAD: A lion does not concern himself with a sheep, blue
(14:24 / All) Tenhi: Blue sucks ass he tried to XP leech then ran away when I told him off
(14:35 / Allies) RENELANDER: 3k gold oj?
(14:42 / Allies) cabelo.jogadim: wood plz
(14:46 / Allies) Tenhi: Yes, 3k gold
(14:52 / Allies) Tenhi: Jealous, plebeian catamite?
(14:56 / Allies) cabelo.jogadim: eood plz
(15:07 / Allies) florida_state: give him wood blue plz
(15:07 / Allies) RENELANDER: gimme gold
(15:09 / Allies) cabelo.jogadim: lol whata nerd
(15:13 / Allies) florida_state: and me if you can
(15:16 / Allies) Tenhi: I'm not giving you shit but a good rape if you attack me
(15:25 / Allies) cabelo.jogadim: wood plz
(15:43 / Allies) cabelo.jogadim: ty!
(15:52 / Allies) Tenhi: No tking me
(15:58 / Allies) RENELANDER: wtf
(16:06 / Allies) Tenhi: you were in position to tk
(16:08 / Allies) Tenhi: get away from my base
(16:14 / Allies) RENELANDER: mother fuycker
(16:19 / Allies) florida_state: guys stfu, just play
(16:27 / Allies) RENELANDER: welost
(16:28 / All) Tenhi: lmao microing his peasants
(16:32 / Allies) RENELANDER: we got a retard lvl 1
(16:45 / Allies) RENELANDER: and he will still be a lvl 1
(16:49 / All) NED-STARKS-HEAD: BLUE Ur such a nigger hacker
(16:50 / Allies) Tenhi: I think you are the retard, XP leeching trash
(16:57 / Allies) Tenhi: I killed yellow single handedly with a hero what have you done for us?
(17:01 / All) RENELANDER: fuck u, we got a retard
(17:11 / All) Tenhi: Yeah it's blue, unfortunately
(17:12 / All) NED-STARKS-HEAD: u hack tho
(17:27 / Allies) cabelo.jogadim: tp
(17:28 / Allies) florida_state: tp
(17:29 / Allies) florida_state: rdy?
(17:30 / All) Tenhi: goes to attack yellow after I do all the work
(17:33 / Allies) florida_state: tping
(17:42 / Allies) cabelo.jogadim: why dont tp?
(17:43 / Allies) cabelo.jogadim: ????
(17:45 / Allies) cabelo.jogadim: y?
(18:03 / Allies) RENELANDER: retard
(18:10 / Allies) Tenhi: wow he doesn't even have a t3 hall
(18:18 / Allies) Tenhi: thanks for the XP
(18:26 / All) NED-STARKS-HEAD: florida state is anigger school
(18:38 / All) Tenhi: shredder harass
(18:53 / All) Tenhi: bring your whole army vs 1 shredder lol
(18:57 / All) Tenhi: are you kidding me
(19:01 / All) Tenhi: that's pretty funny
(19:07 / Allies) cabelo.jogadim: blue get units!!!
(19:09 / All) Tenhi: Teal is as retarded as yellow and blue
(19:13 / Allies) Tenhi: yeah get units you piece of shit
(19:18 / Allies) cabelo.jogadim: oj y are u have no units?
(19:20 / Allies) Tenhi: fucking battle.net diarrhea, get units
(19:24 / Allies) Tenhi: I have a 50 food army brother
(19:33 / Allies) cabelo.jogadim: y dont use it?
(19:44 / Allies) Tenhi: I don't need to
(19:48 / Allies) Tenhi: doing more than you all game with a hero lol
(20:00 / All) cabelo.jogadim: sure not
(20:18 / Allies) Tenhi: bet you 50 bucks I have more units killed than you with just my archmage being used
(20:59 / All) Tenhi: lol
(21:06 / All) Tenhi: IT HAPPENED AGAIN YELLOW, WHAT EVER SHALL YOU DO?!?!?!?!?!
(21:06 / Allies) cabelo.jogadim: b
(21:06 / Allies) cabelo.jogadim: b
(21:18 / All) Tenhi: WATCH OUT YOU'LL LOSE YOUR HALL TO 1 HERO!
(22:08 / Allies) RENELANDER: b
(22:44 / All) Tenhi: Red how many people have you seen take harass as badly as yellow? I've seen barely any
(23:03 / Allies) florida_state: oj can you please give me gold
(23:13 / Allies) Tenhi: It's in the mines
(23:22 / Allies) florida_state: come on man
(23:35 / Allies) Tenhi: dude I do more than you all game with a hero
(23:39 / Allies) Tenhi: I can use it for myself
(23:43 / Allies) florida_state: i havent said anything to you
(23:57 / All) Tenhi: lucky bitch
(23:59 / Allies) Tenhi: let's keep it that way
(24:04 / Allies) RENELANDER: altar
(24:16 / All) NED-STARKS-HEAD: certainly is lucky
(24:35 / Allies) florida_state: cant let them get that
(24:47 / All) Tenhi: lmao teal keeps getting his expo canceled and can't figure it out
(25:49 / Allies) florida_state: were
(25:51 / Allies) florida_state: where?
(26:00 / Allies) Tenhi: don't take my kill you fucking pricks
(26:08 / Allies) cabelo.jogadim: tk ylw if possible
(26:09 / Allies) cabelo.jogadim: plz
(26:11 / Allies) Tenhi: don't you fucking do it or you're all dead
(26:15 / Allies) Tenhi: and I tk every single one of you and make you lose
(26:18 / Allies) Tenhi: that's MY fucking yellow
(26:19 / Allies) Tenhi: not YOURS
(26:27 / Allies) cabelo.jogadim: lol
(27:16 / Allies) florida_state: let him have yellow
(27:19 / Allies) florida_state: lets worry about red
(27:32 / All) Tenhi: fucking bitch allies stoppign me from killing you
(28:28 / Allies) cabelo.jogadim: is blue afk?
(28:33 / Allies) Tenhi: he's shit might as well be
(28:48 / Allies) florida_state: yes
(28:59 / Allies) cabelo.jogadim: lol
(29:19 / Allies) cabelo.jogadim: oj is so gay doing ur units invisible
(29:44 / Allies) florida_state: we need to fight red
(30:20 / All) Tenhi: you fucking retard teal
(30:23 / All) Tenhi: I was just about to tk
(30:29 / All) Tenhi: and look at what your retarded, shit for brains ass did
(30:39 / Allies) florida_state: b
(31:28 / Allies) Tenhi: Eat shit for delaying yellow's death
(32:51 / Allies) Tenhi: Shit state, shit player
(33:08 / All) Tenhi: Teal
(33:17 / All) Tenhi: I am the wrath of god, you cannot defeat me
(33:25 / All) Tenhi: Don't even waste time hero focusing this time
(33:52 / Allies) RENELANDER: gold
(33:54 / Allies) RENELANDER: for expo
(34:05 / Allies) RENELANDER: ty
(34:07 / Allies) Tenhi: The only gold you will get, is a golden shower from how you are being pissed on, shit for brains
(34:07 / Allies) RENELANDER: move plz
(34:19 / Allies) RENELANDER: moveplz
(34:32 / Allies) RENELANDER: i know
(34:45 / Allies) cabelo.jogadim: I know too lets do it!
(35:19 / Allies) RENELANDER: b
(35:20 / Allies) RENELANDER: b
(35:55 / All) cris-tiano: gg
(36:01 / All) Tenhi: I'm tking
(36:03 / All) Tenhi: stay
(36:03 / All) Tenhi: stay
(36:06 / All) cris-tiano: its not fun when everyone hacks the good days are gone
(36:21 / All) Tenhi: I'm tking
(36:23 / All) Tenhi: you'll get the win
(36:23 / All) Tenhi: stay
(36:24 / All) cris-tiano: nah bro thats bs
(36:31 / All) cris-tiano: suck when ppl do that
(36:38 / All) cris-tiano: anyway nice turtle ggs
(36:51 / Allies) Tenhi: thanks for staying still
(37:04 / All) RENELANDER: oj.... i will play another game
(37:09 / All) RENELANDER: win this shit for us
(37:09 / All) NED-STARKS-HEAD: shut up hacker
(37:15 / All) Tenhi: great then, go do it hacking trash
(37:21 / All) Tenhi: I'll win it
(37:23 / All) Tenhi: so leave
(37:31 / All) Tenhi: just need you to get a tie by leaving
(37:33 / All) RENELANDER: and i wrote you
(37:38 / All) RENELANDER: bye
(37:46 / All) RENELANDER: tkx for win
(37:51 / All) Tenhi: lol
(37:55 / All) Tenhi: can't do it on your own
(38:16 / All) NED-STARKS-HEAD: purple is one of those sorry players that does nothing but right click with hippos
(38:18 / Allies) Tenhi: nice try
(38:29 / All) Tenhi: He came after me then I mass tped to kill his expo LOL!
(38:42 / All) Tenhi: thanks for the base
(38:56 / All) NED-STARKS-HEAD: who is the high ell player on their team cuz yellow is 50-27
(39:31 / All) Tenhi: his right clicking on hippos isn't as good when he can't right click
(40:46 / All) Tenhi: those bears die so easy to wyrms
(41:03 / All) Tenhi: he has the best units for free xp
(41:04 / All) Tenhi: lucky day
(41:52 / All) Tenhi: This was one of our better games lately after so many shitty ones
(41:57 / All) NED-STARKS-HEAD: blue im wondering y u sent only a bm to my top right expo when it wasnt towered when u had a full army
(45:56 / All) Tenhi: Any final words for us, blue?